 Dungeon Crawl Stone Soup version 0.19-a0-1896-g611e798 (webtiles) character file.

16 Kaname the Magician (level 2, 0/25 HPs)
             Began as a High Elf Wanderer on Oct 19, 2016.
             Succumbed to an adder's poison
             ... on level 2 of the Dungeon.
             The game lasted 00:02:20 (815 turns).

Kaname the Magician (High Elf Wanderer)              Turns: 815, Time: 00:02:20

Health: 0/25       AC: 21    Str: 12    XL:     2   Next: 41%
Magic:  8/8        EV:  2    Int: 17    God:
Gold:   26         SH:  0    Dex: 11    Spells: 0 memorised, 9 levels left

rFire  . . .     SeeInvis .     a - +2 dagger
rCold  . . .     Gourm    .     (armour currently unavailable)
rNeg   + + +     Faith    .     (no shield)
rPois  +         Spirit   .     (helmet currently unavailable)
rElec  .         Reflect  .     (cloak currently unavailable)
rCorr  .         Harm     .     (gloves currently unavailable)
MR     .....     NoTele   +     (boots currently unavailable)
Stlth  ++........               g - amulet of magic regeneration
                                (no ring)
                                (no ring)

@: lethally poisoned (0 -> -1), tree-form
A: no striking features
a: no special abilities


You were on level 2 of the Dungeon.
You were not hungry.
You were a tree.
You visited 1 branch of the dungeon, and saw 2 of its levels.

You collected 26 gold pieces.

Inventory:

Hand Weapons
 a - a +2 dagger (weapon)
Armour
 e - a +0 robe (melded)
 h - a +0 pair of gloves (melded)
Jewellery
 g - an amulet of magic regeneration (around neck)
Scrolls
 i - a scroll of enchant armour {unknown}
 k - a scroll of immolation {unknown}
 l - a scroll of blinking {unknown}
Books
 c - the Guide on Battle Magic

   Spells                             Type                      Level
   a - Throw Flame                    Conjuration/Fire             2
   b - Searing Ray                    Conjuration                  2
 d - Wopral's Compendium of Weightlessness

   Spells                             Type                      Level
   a - Repel Missiles                 Charms/Air                   2
   b - Swiftness                      Charms/Air                   2
Comestibles
 f - a bread ration


   Skills:
 - Level 1.0 Throwing
 + Level 2.0 Stealth
 + Level 4.1 Spellcasting
   Level 2.4 Charms
   Level 1.0 Ice Magic
   Level 2.4 Air Magic


You had 9 spell levels left.
You didn't know any spells.

Dungeon Overview and Level Annotations

Branches:
Dungeon (1/15)

Altars:


Message History

* * * LOW HITPOINT WARNING * * *
You hit the adder.
The adder is heavily wounded.
The adder bites you but does no damage. x2
You hit the adder.
The adder is almost dead.
The adder bites you but does no damage.
You hit the adder.
You kill the adder!
Your Stealth skill increases to level 2!
You have reached level 2!
* * * LOW HITPOINT WARNING * * *
You feel sick.
There is a lethal amount of poison in your body!
There is a lethal amount of poison in your body!
* * * LOW HITPOINT WARNING * * *
You feel sick.
* * * LOW HITPOINT WARNING * * *
You feel sick.
You die...

..# .# #.# #.# . #.# ... .#
#.# ..# .. #######.##..# #.
#...........####### #.
.<..<^..†.........#####.
#.##♣# #.......##† #.##.#
#.##.##.#..
#####.##.###.##. #.##...(
#.#...#........##.##.####.#
#.#...#....######....# #.#
..#.....).#### ###..# #.#
#..........<# ########..#
#.# #...........#
#.........####.#
............#
#.######.......#


There were no monsters in sight!

Vanquished Creatures
  An adder (D:2)
  A dart slug (D:2)
  A hobgoblin (D:2)
  A kobold (D:2)
  2 bats (D:2)
6 creatures vanquished.

Notes
Turn   | Place    | Note
-------+----------+-------------------------------------------
     0 | D:1      | Kaname the High Elf Wanderer began the quest for the Orb.
     0 | D:1      | Kaname set off with: a +2 dagger, a potion of heal wounds, the Guide on Battle Magic, Wopral's Compendium of Weightlessness, a +0 robe, a bread ration
     0 | D:1      | Reached XP level 1. HP: 11/11 MP: 6/6
     0 | D:1      | Identified the Guide on Battle Magic
     0 | D:1      | Identified Wopral's Compendium of Weightlessness
    22 | D:1      | You fall through a shaft!
   790 | D:2      | Reached skill level 4 in Spellcasting
   803 | D:2      | Reached XP level 2. HP: 3/17 MP: 8/8
   807 | D:2      | HP: 1/25 [poisoned by an adder]
   815 | D:2      | Succumbed to an adder's poison

Vault maps used:
D:1:      matt_arrival_los_fun, minmay_octomino_e4
D:2:      kennysheep_nub

Skill      XL: |  1 |
---------------+----+-----
Spellcasting   | 4 |  4.1
Stealth        | 2 |  2.0
Throwing       | |  1.0
Charms         | |  2.4
Ice Magic      | |  1.0
Air Magic      | |  2.4

Action                   || total
-------------------------++-------
Melee: Dagger            ||    26
  Use: Potion            ||     2
 Stab: Sleeping          ||     1
Armor: Robe              ||     8
       Skin              ||     3
Dodge: Dodged            ||     8
